 Dungeon Crawl Stone Soup version 0.30.1-3-gfc49f6343a (webtiles) character file.

Game seed: 14690975700873316477

156421 spardeous the Transmogrifier (level 16, -4/134 HPs)
             Began as a Demigod Earth Elementalist on July 26, 2023.
             Slain by a naga warrior
             ... wielding a +0 battleaxe
              (28 damage)
             ... on level 4 of the Snake Pit on July 27, 2023.
             The game lasted 02:00:18 (44759 turns).

spardeous the Transmogrifier (DgEE)                Turns: 44759, Time: 02:00:18

Health: -4/134     AC: 14    Str: 20    XL:     16   Next: 55%
Magic:  35/35      EV: 10    Int: 32    God:
Gold:   2011       SH: 13    Dex: 21    Spells: 0/36 levels left

rFire   + + .        k - +9 war axe of Cataclysm {freeze, rElec rF+ Str+3}
rCold   + . .        v - +0 kite shield
rNeg    + . .        j - +1 ring mail of the Dragonfruit {rF+ Str+2}
rPois   +            d - +0 hat of Chill Winds {+Inv rElec Str+3}
rElec   +            q - +2 cloak {rPois}
rCorr   .            R - +0 pair of gloves {hurl}
SInv    +            M - +0 pair of boots
Will    +....        Z - amulet of Bitiohogg {Fly rC+ rN+ Regen+ Stlth-}
Stlth   +            H - ring of see invisible
HPRegen 0.00/turn    h - ring of Sekhomoh {Fly rF+ Dex+3}
MPRegen 0.24/turn

%: no passive effects
@: lethally poisoned (-4 -> -10), sluggish, flying, inhibited regen,
constricted, studying Axes, very slow
A: high MP 1, forlorn, divine attributes, agile 1, screaming 1, inhibited
regeneration, heat vulnerability 1
a: Evoke Invisibility


You were on level 4 of the Snake Pit.
You visited 4 branches of the dungeon, and saw 26 of its levels.
You also visited: Gauntlet.

You collected 2720 gold pieces.
You spent 709 gold pieces at shops.

Inventory:

Hand Weapons
 k - the +9 war axe of Cataclysm (weapon) {freeze, rElec rF+ Str+3}
   (You took it off a hobgoblin on level 2 of the Dungeon)

   Str:       It affects your strength (+3).
   rF:        It protects you from fire.
   rElec:     It insulates you from electricity.
 n - the +7 morningstar "Icitog" {freeze, rC+ Will+}
   (You took it off a minotaur in a Gauntlet)

   rC:        It protects you from cold.
   Will:      It increases your willpower.
 t - the +12 dagger "Joshro" {freeze, Str+6 Int+2}
   (You found it on level 3 of the Dungeon)

   Str:       It affects your strength (+6).
   Int:       It affects your intelligence (+2).
 F - the +5 scythe "Finisher" {speed, execute}
   (You took it off a gnoll bouda on level 6 of the Dungeon)
Armour
 d - the +0 hat of Chill Winds (worn) {+Inv rElec Str+3}
   (You found it in a Gauntlet)

   Str:       It affects your strength (+3).
   rElec:     It insulates you from electricity.
   +Inv:      It lets you turn invisible.
 j - the +1 ring mail of the Dragonfruit (worn) {rF+ Str+2}
   (You found it on level 2 of the Lair of Beasts)

   Str:       It affects your strength (+2).
   rF:        It protects you from fire.
 q - a +2 cloak of poison resistance (worn)
 v - a +0 kite shield (worn)
 M - a +0 pair of boots (worn)
 O - a +0 buckler
 R - a +0 pair of gloves of hurling (worn)
Jewellery
 e - an amulet of guardian spirit
 h - the ring of Sekhomoh (right hand) {Fly rF+ Dex+3}
   (You acquired it on level 9 of the Dungeon)

   [ring of flight]

   Dex:       It affects your dexterity (+3).
   rF:        It protects you from fire.
   Fly:       It grants you flight.
 r - a ring of protection from cold
 H - a ring of see invisible (left hand)
 S - an amulet of magic regeneration
 Z - the amulet of Bitiohogg (around neck) {Fly rC+ rN+ Regen+ Stlth-}
   (You found it on level 5 of the Lair of Beasts)

   [amulet of regeneration]

   rC:        It protects you from cold.
   rN:        It protects you from negative energy.
   Fly:       It grants you flight.
   Regen:     It increases your rate of health regeneration.
   Stlth:     It makes you less stealthy.
Wands
 i - a wand of flame (15)
 w - a wand of roots (14)
 x - a wand of charming (14)
 y - a wand of light (23)
 G - a wand of polymorph (3)
 I - a wand of mindburst (16)
 X - a wand of digging (10)
Scrolls
 f - 4 scrolls of teleportation
 o - 3 scrolls of amnesia
 p - 2 scrolls of magic mapping
 s - 5 scrolls of fog
 u - 5 scrolls of vulnerability
 D - 3 scrolls of enchant armour
 E - a scroll of summoning
 L - 6 scrolls of enchant weapon
 N - 4 scrolls of identify
 P - 2 scrolls of silence
 Q - a scroll of torment
 T - 4 scrolls of brand weapon
Potions
 a - a potion of berserk rage
 b - 7 potions of magic
 c - a potion of haste
 g - 3 potions of lignification
 l - 8 potions of attraction
 m - 3 potions of heal wounds
 z - 7 potions of might
 A - 4 potions of resistance
 C - 3 potions of brilliance
 K - 5 potions of flight
 V - a potion of ambrosia
 W - 6 potions of curing
 Y - a potion of invisibility
Miscellaneous
 B - a box of beasts
 J - a phantom mirror


   Skills:
 - Level 10.0 Fighting
 - Level 9.7(10.6) Axes
 - Level 6.7(9.2) Polearms
 - Level 10.1 Armour
 - Level 4.4 Dodging
 - Level 1.7 Stealth
 - Level 11.3 Shields
 - Level 10.5 Spellcasting
 - Level 5.0 Conjurations
 + Level 13.0 Transmutations
 - Level 5.3 Ice Magic
 - Level 10.1 Earth Magic


You couldn't memorise any spells.
You knew the following spells:

 Your Spells              Type           Power      Damage    Failure   Level
a - Sandblast             Erth           100%       2d20      1%          1
b - Stone Arrow           Conj/Erth      100%       3d13      1%          3
c - Petrify               Tmut/Erth      74%        N/A       1%          4
d - Irradiate             Conj/Tmut      32%        3d22      5%          5
e - Flame Wave            Conj/Fire      32%        2d9       28%         4
f - Sublimation of Blood  Necr           16%        N/A       12%         2
g - Swiftness             Air            16%        N/A       24%         3
h - Alistair's Intoxicat  Tmut/Pois      37%        N/A       16%         5
i - Dragon Form           Tmut           39%        N/A       32%         7
j - Ensorcelled Hibernat  Hex/Ice        68%        N/A       4%          2

Your spell library contained the following spells:

 Spells                   Type           Power      Damage    Failure   Level
 Beastly Appendage        Tmut           100%       N/A       1%          1
 Passwall                 Tmut/Erth      61%        N/A       1%          2
 Wereblood                Tmut           79%        N/A       1%          2
 Spider Form              Tmut/Pois      56%        N/A       1%          3
 Apportation              Tloc           32%        N/A       9%          1
 Summon Small Mammal      Summ           64%        N/A       9%          1
 Scorch                   Fire           32%        2d6       12%         2
 Call Canine Familiar     Summ           16%        N/A       24%         3
 Summon Guardian Golem    Hex/Summ       16%        N/A       24%         3
 Cause Fear               Hex            8%         N/A       63%         4
 Manifold Assault         Tloc           16%        N/A       63%         4
 Simulacrum               Ice/Necr       17%        N/A       99%         6
 Dispersal                Tloc           8%         N/A       100%        6
 Summon Cactus Giant      Summ           8%         N/A       100%        6
 Ozocubu's Refrigeration  Ice            25%        4d13      100%        7
 Disjunction              Tloc           8%         N/A       100%        8
 Dragon's Call            Summ           8%         N/A       100%        9
 Polar Vortex             Ice            25%        N/A       100%        9


Dungeon Overview and Level Annotations

Branches:
Dungeon (15/15)            Temple (0/1) D:4            Lair (5/5) D:8
  Swamp (0/4) Lair:2        Snake (4/4) Lair:2        Slime (0/5) Lair:4
    Orc (2/2) D:11            Elf (0/3) Orc:2        Vaults (0/5) D:14
 Depths (0/4) D:15        Gauntlet (visited)

Shops:
D:11 :(   D:15 (   Orc:1 (   Orc:2 ([*:   Snake:3 ?:   Snake:4 =

Annotations:
D:14 Agnes


Innate Abilities, Weirdness & Mutations

You have an increased reservoir of magic. (+10% MP)
You shall have no god before yourself.
Your divine heritage dramatically boosts your attributes as you level up.
You are agile. (Dex +4, Str/Int -1)
You occasionally shout uncontrollably at your foes.
You do not regenerate when monsters are visible.
You are vulnerable to heat. (rF-)


Message History

* * * LOW HITPOINT WARNING * * *
The naga sharpshooter closely misses you.
You take 8 damage, and have 36/134 hp.
You hit the naga sharpshooter but do no damage.
The naga sharpshooter is almost dead.
You feel sluggish.
You slash the naga sharpshooter! You freeze the naga sharpshooter.
You kill the naga sharpshooter!
A naga warrior comes into view. It is wielding a +0 battleaxe.
You have got your breath back.
Things that are here:
a +0 flail; a +0 heavy arbalest
Things that are here:
a +0 spear; a +0 robe; a naga corpse The naga warrior spits poison at you.
The splash of poison hits you. You resist.
* * * LOW HITPOINT WARNING * * *
You take 2 damage, and have 35/134 hp.
The naga warrior misses you. The naga warrior closely misses you.
The naga warrior hits you with a +0 battleaxe.
* * * LOW HITPOINT WARNING * * *
The naga warrior grabs you. The naga warrior constricts you.
* * * LOW HITPOINT WARNING * * *
You take 7 damage, and have 28/134 hp.
You slice the naga warrior!! You freeze the naga warrior!
The naga warrior is moderately wounded.
The naga warrior spits poison at you. The splash of poison hits you.
You are poisoned.
You resist.
* * * LOW HITPOINT WARNING * * *
The naga warrior constricts you.
* * * LOW HITPOINT WARNING * * *
You take 2 damage, and have 26/134 hp.
You slash the naga warrior! You freeze the naga warrior.
The naga warrior is heavily wounded.
You start to feel a little faster.
You feel sick.
The naga warrior hits you with a +0 battleaxe!!
You die...

......#...##.....# ##...#########
......#.####.....# ###..........
.....##+#.##.....# ###.....[..
...........+...<.# #[......#
......)..<##.....# #..N....#
..........##.##### #####.......#
..........+..# #....N......#
##........###########.###.N.....#
#........))))).@N..............#
#.......)################...#..#
#.....).##################..##.#
#......)##........[.....##..##..
#.......##..............##..##..
##.......##...########...##..##.#
...#'###.##..##########..##..##.#
.#.#.....##..##......##..##..##.#
.#.#####.##..##......##..##..##..


You could see a naga warrior (catching breath).

Vanquished Creatures
  A lich (D:11)
  Kirke (D:15)
  5 nagarajas (Snake:4)
  The ghost of littlecub the Fighter, a journeyman DsGl of Hepliaklqana (Snake:3)
  An orc warlord (Orc:2)
  An ironbound preserver (D:14)
  A broodmother (shapeshifter) (D:14)
  A stone giant (D:15)
  A minotaur (Gauntlet)
  Snorg (D:14)
  A yaktaur captain (D:11)
  Harold (D:9)
  9 hydras
  Fannar (D:11)
  An ice dragon (D:11)
  The ghost of erynZofia the Skirmisher, a journeyman GrHu of Okawaru (D:11)
  5 centaur warriors
  The ghost of turdburglar the Covert, a journeyman DsNe of Kikubaaqudgha (D:10)
  3 anacondas
  An ogre mage (D:15)
  3 catoblepae
  13 naga warriors
  5 two-headed ogres
  4 boulder beetles
  5 tengu warriors
  2 death scarabs (Gauntlet)
  9 naga sharpshooters
  8 death yaks
  2 orc high priests
  3 shock serpents
  Urug (Lair:3)
  The ghost of javelincjr the Covert, a novice OpSu of Ashenzari (D:8)
  4 skysharks
  3 salamander mystics
  A skyshark (shapeshifter) (D:13)
  2 goliath frogs (Lair:5)
  2 skeletal warriors (D:11)
  A necromancer (D:11)
  9 mana vipers
  A deep elf pyromancer (D:12)
  3 naga ritualists
  4 ugly things (D:15)
  An oklob plant (Gauntlet)
  5 orc sorcerers (Orc:2)
  4 manticores
  3 orc knights (Orc:2)
  12 salamanders
  A guardian serpent (Snake:4)
  A will-o-the-wisp (Lair:2)
  5 cyclopes
  18 elephants
  13 naga magi
  26 black mambas
  Joseph (D:9)
  A torpor snail (Lair:5)
  Maggie (D:7)
  2 gargoyles
  An unseen horror (D:12)
  20 cane toads
  2 kobold demonologists
  14 komodo dragons
  2 tengu conjurers (Gauntlet)
  2 freezing wraiths (D:14)
  9 trolls
  2 hornets
  2 polar bears
  A queen bee (shapeshifter) (D:13)
  A tyrant leech (Lair:5)
  36 blink frogs
  A spectral dream sheep (Gauntlet)
  A spectral elephant (Gauntlet)
  11 dream sheep
  A spectral black mamba (Gauntlet)
  6 slime creatures
  A vampire (D:11)
  42 yaks
  5 wyverns
  7 wraiths
  2 steam dragons
  4 basilisks
  5 hogs (D:14)
  15 vampire mosquitoes
  A spectral cane toad (Gauntlet)
  4 wargs
  19 nagas
  2 acid dragons (Gauntlet)
  9 water moccasins
  2 ice beasts
  31 orc warriors
  A black bear (D:6)
  15 ogres
  16 wolves
  16 centaurs
  A phantom (D:4)
  10 kobold brigands
  16 bullfrogs
  A scorpion (D:4)
  4 gnoll sergeants
  10 wights (D:8)
  14 killer bees
  5 howler monkeys
  5 hounds
  7 jellies
  18 orc priests
  3 gnoll boudas
  5 iguanas
  Ijyb (D:5)
  2 sleepcaps
  25 orc wizards
  2 hell rats (Lair:2)
  A boggart simulacrum (D:11)
  27 gnolls
  5 adders
  11 river rats (Lair:2)
  2 shadow imps
  An ufetubus (D:5)
  2 worms (D:3)
  77 orcs
  6 ball pythons
  A bat (D:2)
  25 endoplasms
  4 giant cockroaches
  4 goblins
  7 hobgoblins
  30 kobolds
  2 quokkas (D:2)
  2 frilled lizards (D:1)
  6 rats
869 creatures vanquished.

Vanquished Creatures (others)
  A vampire (D:11)
  An orc wizard (D:3)
2 creatures vanquished.

Grand Total: 871 creatures vanquished

Notes
Turn   | Place    | Note
-------+----------+-------------------------------------------
     0 | D:1      | spardeous the Demigod Earth Elementalist began the quest
                  | for the Orb.
     0 | D:1      | Reached XP level 1. HP: 14/14 MP: 5/5
   321 | D:1      | Reached XP level 2. HP: 20/20 MP: 5/7
  1060 | D:2      | Identified the +9 war axe of Cataclysm {freeze, rElec rF+
                  | Str+3}
  1516 | D:2      | Reached XP level 3. HP: 26/26 MP: 5/8
  1978 | D:3      | Reached XP level 4. HP: 33/33 MP: 5/9
  1980 | D:3      | Reached skill level 5 in Earth Magic
  2131 | D:3      | Reached XP level 5. HP: 22/38 MP: 0/11
  2545 | D:3      | Identified the +12 dagger "Joshro" {freeze, Str+6 Int+2}
  2900 | D:4      | Noticed an ogre
  2903 | D:4      | Killed an ogre
  2988 | D:4      | Reached XP level 6. HP: 45/45 MP: 9/15
  3329 | D:4      | Learned a level 3 spell: Stone Arrow
  3358 | D:4      | Identified the +6 trident "Vicu" {antimagic, rElec rPois
                  | Str-2}
  3373 | D:4      | Found a staircase to the Ecumenical Temple.
  3597 | D:4      | Reached skill level 5 in Spellcasting
  4266 | D:5      | Entered Level 5 of the Dungeon
  4338 | D:5      | Reached XP level 7. HP: 38/50 MP: 12/17
  4858 | D:5      | Noticed Ijyb
  5102 | D:5      | Killed Ijyb
  5355 | D:6      | Reached XP level 8. HP: 57/57 MP: 16/19
  5763 | D:6      | Found the +6 shillelagh "Devastator" {shatter}
  5847 | D:6      | Reached skill level 1 in Fighting
  6072 | D:6      | You fall into a shaft and drop 2 floors!
  6085 | D:8      | Identified the +0 leather armour of Veqiliu {rC+}
  6091 | D:8      | Learned a level 4 spell: Petrify
  6341 | D:8      | Reached XP level 9. HP: 70/70 MP: 22/24
  6431 | D:8      | Reached skill level 5 in Fighting
  6584 | D:8      | Found a runed translucent gate.
  6584 | D:8      | Found a runed translucent gate.
  6586 | D:8      | Found a runed translucent gate.
  6586 | D:8      | Noticed javelincjr's ghost (novice OpSu)
  6715 | D:8      | Found a staircase to the Lair.
  6795 | D:8      | Noticed a gargoyle
  6801 | D:8      | Killed a gargoyle
  7560 | D:7      | Reached skill level 1 in Transmutations
  7732 | D:7      | Reached skill level 1 in Conjurations
  7735 | D:7      | Noticed Maggie
  7748 | D:7      | Killed Maggie
  7749 | D:7      | Reached skill level 2 in Transmutations
  7749 | D:7      | Reached XP level 10. HP: 21/88 MP: 2/25
  8512 | D:9      | Noticed a manticore
  8516 | D:9      | Killed a manticore
  8517 | D:9      | Reached skill level 3 in Transmutations
  8775 | D:9      | Noticed Harold
  9057 | D:9      | Reached skill level 4 in Transmutations
  9476 | D:9      | Noticed Joseph
  9503 | D:9      | Identified a scroll of acquirement
  9509 | D:9      | Acquired the ring of Sekhomoh {Fly rF+ Dex+3}
  9582 | D:10     | Entered Level 10 of the Dungeon
  9709 | D:10     | Found a runed translucent gate.
  9709 | D:10     | Found a runed translucent gate.
  9709 | D:10     | Found a runed translucent gate.
  9710 | D:10     | Noticed turdburglar's ghost (journeyman DsNe)
  9807 | D:10     | Reached skill level 5 in Conjurations
 10105 | D:10     | Reached skill level 5 in Transmutations
 11093 | D:11     | Reached skill level 1 in Shields
 11111 | D:11     | Noticed erynZofia's ghost (journeyman GrHu)
 11111 | D:11     | Noticed a lich
 11112 | D:11     | Noticed a skeletal warrior
 11113 | D:11     | Noticed an ice dragon
 11113 | D:11     | Noticed a yaktaur captain
 11114 | D:11     | Noticed a necromancer
 11114 | D:11     | Noticed a skeletal warrior
 11146 | D:11     | Noticed a cyclops
 11169 | D:11     | Killed a cyclops
 11629 | D:11     | Found a runed translucent door.
 11633 | D:11     | Reached XP level 11. HP: 95/95 MP: 24/26
 11650 | D:11     | Noticed Fannar
 11662 | D:11     | Killed Fannar
 11743 | D:11     | Reached skill level 5 in Shields
 11835 | D:11     | Found a runed translucent door.
 12036 | D:11     | Found Tevaacs's Self-Improvement Boutique.
 12076 | D:11     | Found a staircase to the Orcish Mines.
 12127 | D:11     | Found a transporter.
 12127 | D:11     | Found Lebucout's Weapon Emporium.
 12177 | D:11     | Found a transporter.
 12249 | D:11     | Noticed a two-headed ogre
 12256 | D:11     | Killed a two-headed ogre
 12801 | D:9      | Killed Joseph
 13438 | D:9      | Killed Harold
 13553 | Lair:1   | Entered Level 1 of the Lair of Beasts
 14320 | Lair:1   | You are sucked into a shaft and drop 1 floor!
 14340 | Lair:2   | Reached skill level 10 in Shields
 14888 | Lair:1   | Reached XP level 12. HP: 51/103 MP: 13/28
 15549 | Lair:2   | Noticed a seven-headed hydra
 15714 | Lair:2   | Found a staircase to the Snake Pit.
 15802 | Lair:2   | Identified the +1 ring mail of the Dragonfruit {rF+ Str+2}
 15817 | Lair:2   | Found a staircase to the Swamp.
 15853 | Lair:2   | Killed a seven-headed hydra
 15854 | Lair:2   | Reached skill level 10 in Spellcasting
 16192 | Lair:2   | Learned a level 5 spell: Irradiate
 16612 | Lair:2   | Gained mutation: Armour fits poorly on your strangely
                  | shaped body. [potion of mutation]
 16612 | Lair:2   | Gained mutation: You are agile. (Dex +4, Str/Int -1)
                  | [potion of mutation]
 16612 | Lair:2   | Gained mutation: You have hidden genetic potential. [potion
                  | of mutation]
 16845 | Lair:3   | Noticed Urug
 17246 | Lair:3   | Killed Urug
 17493 | Lair:3   | Noticed a seven-headed hydra
 17504 | Lair:3   | Killed a seven-headed hydra
 17505 | Lair:3   | Reached skill level 10 in Fighting
 17817 | Lair:4   | Reached skill level 1 in Polearms
 17854 | Lair:4   | Found a staircase to the Slime Pits.
 18522 | Lair:4   | Reached XP level 13. HP: 106/113 MP: 10/31
 18525 | Lair:4   | Reached skill level 5 in Polearms
 19551 | Lair:3   | Lost mutation: You are agile. (Dex +4, Str/Int -1) [potion
                  | of mutation]
 19551 | Lair:3   | Lost mutation: You have hidden genetic potential. [potion
                  | of mutation]
 19551 | Lair:3   | Gained mutation: Your muscles are strong. (Str +4, Int/Dex
                  | -1) [potion of mutation]
 19551 | Lair:3   | Gained mutation: You have sharp toenails. [potion of
                  | mutation]
 19552 | Lair:3   | Lost mutation: Armour fits poorly on your strangely shaped
                  | body. [potion of mutation]
 19552 | Lair:3   | Lost mutation: You have sharp toenails. [potion of
                  | mutation]
 19552 | Lair:3   | Lost mutation: Your muscles are strong. (Str +4, Int/Dex
                  | -1) [potion of mutation]
 19552 | Lair:3   | Gained mutation: You are agile. (Dex +4, Str/Int -1)
                  | [potion of mutation]
 20990 | Lair:5   | Entered Level 5 of the Lair of Beasts
 21237 | Lair:5   | Reached skill level 10 in Earth Magic
 21437 | Lair:5   | Reached skill level 6 in Transmutations
 21967 | Lair:4   | Reached skill level 7 in Transmutations
 22508 | Lair:5   | Reached skill level 8 in Transmutations
 22817 | Lair:5   | Reached XP level 14. HP: 118/121 MP: 21/32
 22953 | Lair:5   | Reached skill level 9 in Transmutations
 23538 | Lair:5   | Reached skill level 10 in Transmutations
 23683 | Lair:5   | Reached skill level 1 in Armour
 24025 | Lair:5   | Identified the amulet of Bitiohogg {Fly rC+ rN+ Regen+
                  | Stlth-}
 25347 | D:8      | Killed javelincjr's ghost
 25542 | D:10     | Killed turdburglar's ghost
 25805 | D:11     | Reached skill level 5 in Armour
 26026 | D:11     | Killed a lich
 26133 | D:11     | Killed erynZofia's ghost
 26885 | D:12     | Learned a level 4 spell: Flame Wave
 27034 | D:12     | Learned a level 2 spell: Sublimation of Blood
 27038 | D:12     | Learned a level 3 spell: Swiftness
 27785 | Orc:1    | Entered Level 1 of the Orcish Mines
 27785 | Orc:1    | Found Bifah's Weapon Shop.
 27818 | Orc:2    | Entered Level 2 of the Orcish Mines
 28353 | Orc:2    | Gained mutation: You are vulnerable to heat. (rF-) [a
                  | neqoxec]
 28609 | Orc:2    | Found Asuefyim's General Store.
 29000 | Orc:2    | Noticed an orc warlord
 29115 | Orc:1    | Gained mutation: You occasionally shout uncontrollably at
                  | your foes. [a neqoxec]
 29558 | Orc:2    | Found Wimaoteogg's Antique Weapon Shoppe.
 29755 | Orc:2    | Found Pevuf's Book Emporium.
 29970 | Orc:2    | Killed an orc warlord
 30132 | Orc:2    | Found Ruarupt's Antique Armour Shoppe.
 30140 | Orc:2    | Bought a pair of bloodstained boots for 275 gold pieces
 30140 | Orc:2    | Identified the -2 pair of boots of Dogmatism {rN++ Dex-2}
                  | (You bought it in a shop on level 2 of the Orcish Mines)
 30142 | Orc:2    | Bought a pair of runed gloves for 217 gold pieces
 30142 | Orc:2    | Bought a glowing cloak for 217 gold pieces
 30191 | Orc:2    | Found a staircase to the Elven Halls.
 30498 | Orc:2    | Reached skill level 1 in Axes
 31969 | D:13     | Reached skill level 5 in Axes
 32775 | D:14     | Reached XP level 15. HP: 115/126 MP: 27/34
 32840 | D:14     | Found a gate leading to a gauntlet.
 32858 | Gauntlet | Entered a Gauntlet
 32858 | Gauntlet | Found a transporter.
 32905 | Gauntlet | Found a transporter.
 32907 | Gauntlet | Found a transporter.
 32918 | Gauntlet | Found a transporter.
 32921 | Gauntlet | Found a transporter.
 32925 | Gauntlet | Found a runed translucent door.
 32927 | Gauntlet | Found a runed translucent door.
 32929 | Gauntlet | Found a transporter.
 32951 | Gauntlet | Found a transporter.
 32961 | Gauntlet | Found a transporter.
 32973 | Gauntlet | Found a transporter.
 32992 | Gauntlet | Found a transporter.
 33006 | Gauntlet | Found a transporter.
 33006 | Gauntlet | Found a transporter.
 33070 | Gauntlet | Found a transporter.
 33070 | Gauntlet | Found a transporter.
 33322 | Gauntlet | Learned a level 5 spell: Alistair's Intoxication
 33468 | Gauntlet | Identified the +0 hat of Chill Winds {+Inv rElec Str+3}
 33558 | Gauntlet | Identified the +7 morningstar "Icitog" {freeze, rC+ Will+}
 34214 | D:14     | Noticed Snorg
 34215 | D:14     | Noticed Agnes
 34559 | D:14     | Killed Snorg
 34949 | D:14     | Found a gate to the Vaults.
 35176 | D:15     | Entered Level 15 of the Dungeon
 35176 | D:15     | Noticed Kirke
 35287 | D:15     | Killed Kirke
 35696 | D:15     | Reached skill level 10 in Armour
 35857 | D:15     | Found a staircase to the Depths.
 36254 | D:15     | Found Dush's Antique Weapon Shoppe.
 36465 | D:15     | Learned a level 7 spell: Dragon Form
 36773 | Snake:1  | Entered Level 1 of the Snake Pit
 39311 | Snake:2  | Reached skill level 11 in Transmutations
 41266 | Snake:3  | Reached skill level 12 in Transmutations
 41415 | Snake:3  | Noticed littlecub's ghost (journeyman DsGl)
 41424 | Snake:3  | Found a runed translucent door.
 41603 | Snake:3  | Killed littlecub's ghost
 41604 | Snake:3  | Reached XP level 16. HP: 134/134 MP: 30/35
 41678 | Snake:3  | Found Okofon's Magic Scroll Boutique.
 41791 | Snake:3  | Found Taev's Book Shop.
 42182 | Snake:3  | Learned a level 2 spell: Ensorcelled Hibernation
 42523 | Snake:4  | Entered Level 4 of the Snake Pit
 42544 | Snake:4  | Reached skill level 1 in Ice Magic
 43242 | Snake:4  | Found Fiteph's Jewellery Boutique.
 43433 | Snake:4  | Reached skill level 5 in Ice Magic
 44561 | Snake:4  | Gained mutation: You do not regenerate when monsters are
                  | visible. [mutagenic glow]
 44748 | Snake:4  | Reached skill level 13 in Transmutations
 44759 | Snake:4  | Slain by a naga warrior

Illustrated notes

Levels and vault maps discovered:
D:1:      amcnicky_arrival_double_pillar, layout_basic,
          dreamdust_ecumenical_altar_statues, serial_forest,
          infiniplex_forest_clump_small, infiniplex_forest_end_2,
          infiniplex_forest_clump_double, infiniplex_forest_straight_5,
          infiniplex_forest_diagonal, infiniplex_forest_end_double,
          infiniplex_forest_clump_small
D:2:      layout_loops_ring, hangedman_decor_growths, minmay_goblin_kobold_house
D:3:      layout_basic, gammafunk_temple_overflow_statue
D:4:      layout_layer_cave, mainiacjoe_overflow_alcove_4,
          lemuel_coloured_pillars_altar, minmay_temple_entry_gardened_gates
D:5:      layout_gridville, mainiacjoe_overflow_six_doors_small,
          marbit_many_paths, mainiacjoe_overflow_24_doors, uniq_ijyb
D:6:      layout_cave_pools, mainiacjoe_overflow_boulevard,
          dilly_guarded_unrand_devastator
D:7:      layout_cave_pools, grunt_temple_overflow_open, minivault_25,
          uniq_maggie
D:8:      layout_gridville, lair_entry_dummy, gammafunk_ghost_split
D:9:      layout_stronghold, mainiacjoe_overflow_brackets, uniq_harold,
          uniq_joseph
D:10:     layout_stronghold, ebering_ghost_rock_garden
D:11:     layout_rooms, kennysheep_orc_monster_closet_entryway, serial_shops,
          nicolae_shop_drivethru, muffindrake_ghost_dual_entry,
          nicolae_shop_self_help, uniq_fannar
D:12:     layout_loops_ring
D:13:     layout_big_octagon, minmay_misc_feat_pillars
D:14:     layout_irregular_city, skrybe_vaults_entry_preservation,
          reono_crystal_passage, gauntlet_entry_generic, uniq_snorg, uniq_agnes
D:15:     grunt_enter_depths_snipers, layout_irregular_city, serial_shops, shop,
          hangedman_abyss_or_decor_lesser_grid, uniq_kirke
Lair:1:   layout_long_grid
Lair:2:   layout_chaotic_city, minmay_swamp_entry_wisps,
          guppyfry_snake_entry_garden, kennysheep_rathole, serial_bayou_shore_a
Lair:3:   lemuel_slime, layout_regular_city, lemuel_fruit_fields,
          grunt_megastairs_1, uniq_urug
Lair:4:   layout_cave_shapes, nicolae_slime_entry_slimehenge, basic_altar,
          infiniplex_staircase_pool_2
Lair:5:   minmay_lair_end_frog_pond, layout_hall_layers,
          chequers_serial_rivers_micro_a, nicolae_lair_yak_garden
Snake:1:  layout_cave_pods, serial_bayou_pond_e, drop_trap
Snake:2:  layout_cave_shapes, basic_altar, nicolae_snake_lava_pool
Snake:3:  layout_misc_corridors, hellmonk_ghost_happy_afterlife, basic_altar,
          minmay_shoptagon
Snake:4:  snake_pit, layout_basic, serial_shops, shop_fountains, drop_trap,
          nicolae_snake_gridmaze_spiral
Orc:1:    layout_diamond_mine, serial_shops, shop
Orc:2:    grunt_orc_gardens, layout_caves, grunt_orc_garden, grunt_orc_garden,
          grunt_orc_garden, grunt_orc_garden

Skill      XL: |  1  2  3  4  5  6  7  8  9 10 11 12 13 14 15 16 |
---------------+-------------------------------------------------+-----
Earth Magic    | 3 4 5 7 10 | 10.1
Spellcasting   | 2 4 5 7 8 10 | 10.5
Fighting       | 3 8 10 | 10.0
Transmutations | 2 5 8 10 12 13 | 13.0
Conjurations   | 1 5 |  5.0
Shields        | 4 10 11 | 11.3
Polearms       | 4 6 |  6.7
Armour         | 7 10 | 10.1
Dodging        | 4 |  4.4
Axes           | 6 9 |  9.7
Ice Magic      | 5 |  5.3
Stealth        | |  1.7

Action                     |  1- 3 |  4- 6 |  7- 9 | 10-12 | 13-15 | 16-18 || total
---------------------------+-------+-------+-------+-------+-------+-------++-------
  Melee: Unarmed           |     9 |       |       |       |    43 |   197 ||   249
         Morningstar       |     1 |       |       |       |       |       ||     1
         War axe           |     3 |     3 |       |       |   307 |    27 ||   340
         Dagger            |       |       |     1 |     3 |    24 |       ||    28
         Scythe            |       |       |       |       |   103 |       ||   103
         Tailslap          |       |       |       |       |    13 |    50 ||    63
         Punch             |       |       |       |       |     3 |     5 ||     8
         Bite              |       |       |       |       |     1 |    35 ||    36
   Cast: Sandblast         |    53 |    69 |   160 |   287 |   316 |     6 ||   891
         Stone Arrow       |       |       |    28 |   260 |   700 |     2 ||   990
         Petrify           |       |       |       |    12 |   104 |       ||   116
         Irradiate         |       |       |       |       |     2 |     2 ||     4
         Sublimation of Bl |       |       |       |       |     1 |       ||     1
         Flame Wave        |       |       |       |       |     1 |       ||     1
         Dragon Form       |       |       |       |       |     5 |    25 ||    30
         Swiftness         |       |       |       |       |     1 |     2 ||     3
         Alistair's Intoxi |       |       |       |       |       |     1 ||     1
Ability: Breathe Fire      |       |       |       |       |     1 |     6 ||     7
  Evoke: Wand              |       |       |       |    13 |    16 |       ||    29
         Box of beasts     |       |       |       |       |     1 |       ||     1
         Phantom mirror    |       |       |       |       |     1 |       ||     1
    Use: Potion            |       |     2 |     1 |     3 |     7 |     1 ||    14
         Scroll            |       |       |       |    23 |    19 |       ||    42
   Stab: Petrified         |       |       |       |       |   147 |       ||   147
         Petrifying        |       |       |       |       |    14 |       ||    14
 Armour: Robe              |     2 |     4 |     1 |       |       |       ||     7
         Leather armour    |       |       |    10 |    45 |    46 |       ||   101
         Ring mail         |       |       |       |       |   197 |     6 ||   203
         Skin              |       |       |       |       |     8 |    69 ||    77
  Dodge: Dodged            |     8 |    16 |    50 |   136 |   486 |    91 ||   787
  Block: Kite shield       |       |       |       |   126 |   510 |    11 ||   647
